Map: Acropolis LE

Players

Neeblet (Neeb)

  • Race: Protoss Protoss
  • League: Grandmaster
  • Spawn Location: 5:00

TSGSolar (Solar) - Winner!

  • Race: Zerg Zerg
  • League: Diamond
  • Spawn Location: 11:00

Event: 2019 Assembly Summer

VOD

Have the link to the VOD?

Description

Time

  • Played on: Aug. 1, 2019, 11:31 a.m.
  • Length: 10:22

All games in this series

Show
View Real Time Build Order
Export as new Build Order

Neeblet Protoss 

Build Orders: 1 Gate Expand, Oracle Opening 

Get SALT Encoding   

  12  0:00  Probe  
  13  0:12  Probe  
  14  0:19  Pylon  
  14  0:25  Probe  
  15  0:33  Probe  
  15  0:41  Probe  
  16  0:43  Gateway  
  17  0:50  Assimilator  
  17  0:53  Probe  
  18  1:05  Probe  
  19  1:17  Probe  
  20  1:30  Cybernetics Core  
  20  1:36  Nexus  
  20  1:39  Probe  
  21  1:46  Pylon  
  21  1:50  Assimilator  
  21  1:54  Probe  
  21  1:57  Adept  
  22  2:06  Probe  
  25  2:17  Adept  
  25  2:18  Probe  
  28  2:30  Probe  
  28  2:31  Stargate  
  29  2:38  Adept  
  29  2:43  Probe  
  30  2:45  Warp Gate  
  30  2:47  Probe  
  33  2:55  Probe  
  34  3:00  Probe  
  35  3:07  Probe  
  35  3:11  Oracle  
  35  3:12  Probe  
  37  3:19  Probe  
  38  3:24  Probe  
  40  3:30  Gateway  
  40  3:31  Probe  
  41  3:36  Probe  
  41  3:38  Oracle, Assimilator  
  41  3:39  Pylon  
  41  3:40  Assimilator  
  42  3:43  Probe  
  42  3:48  Probe  
  42  3:55  Probe  
  46  4:00  Probe, Robotics Facility  
  47  4:07  Probe  
  47  4:08  Gateway, Phoenix  
  48  4:12  Probe  
  48  4:13  Pylon  
  51  4:19  Probe  
  52  4:24  Probe  
  52  4:31  Probe, Pylon  
  53  4:35  Sentry  
  53  4:36  Probe  
  57  4:39  Oracle  
  57  4:40  Nexus  
  60  4:46  Probe  
  60  4:50  Pylon  
  61  4:53  Immortal  
  61  4:58  Probe  
  66  5:01  Probe  
  67  5:11  Probe  
  67  5:12  Sentry x2  
  72  5:15  Probe  
  72  5:16  Shield Battery  
  72  5:19  Forge  
  72  5:21  Twilight Council  
  73  5:23  Probe  
  73  5:26  Zealot, Observer  
  73  5:27  Probe  
  78  5:41  Pylon  
  78  5:42  Pylon  
  78  5:44  Pylon  
  78  5:51  Immortal  
  78  5:52  Probe x2  
  78  5:54  Zealot x2  
  88  5:57  Probe  
  88  5:58  Zealot  
  88  6:03  Charge  
  93  6:04  Probe x2  
  93  6:09  Probe  
  94  6:14  Gateway  
  94  6:15  Protoss Ground Weapons Level 1  
  94  6:16  Gateway, Probe x2  
  96  6:21  Probe  
  96  6:24  Assimilator  
  97  6:25  Assimilator  
  97  6:26  Pylon  
  97  6:27  Templar Archives  
  97  6:29  Immortal  
  97  6:31  Zealot x2  
  101  6:39  Probe  
  107  6:40  Probe  
  107  6:41  Probe  
  108  6:51  Probe  
  108  6:52  Probe  
  108  6:53  Probe  
  111  6:57  Gateway  
  111  7:01  Gateway  
  111  7:04  Probe x2  
  111  7:05  Probe  
  114  7:12  Zealot x3  
  124  7:17  Pylon  
  124  7:18  Pylon  
  124  7:19  Pylon  
  124  7:21  Gateway  
  124  7:22  Pylon  
  124  7:28  Psionic Storm  
  124  7:31  Phoenix, Pylon  
  124  7:34  Pylon  
  124  7:41  Stalker x5, Pylon  
  132  7:45  Photon Cannon  
  132  7:49  Phoenix  
  122  8:03  Zealot  
  122  8:04  Zealot  
  124  8:05  Stalker  
  124  8:06  Stalker x2  
  124  8:09  Phoenix  
  124  8:12  Stalker  
  119  8:21  High Templar x2  
  113  8:27  Phoenix  
  113  8:30  Stalker  
  113  8:31  Stalker x3  
  117  8:37  Probe x2  
  116  8:44  Stalker x2  
  115  8:49  Phoenix  
  115  8:53  Stalker x2  
  115  8:54  Stalker  
  122  8:57  Stalker  
  122  9:00  Probe  
  122  9:01  Probe x2  
  126  9:06  Phoenix  
  126  9:16  Shield Battery, Probe x3  
  124  9:18  Shield Battery  
  124  9:30  Zealot x5  
  112  9:42  Stalker x3  
  96  9:55  Stalker x3  
  102  10:00  Stalker  
  102  10:03  Stalker  
  103  10:07  Zealot x2  
  103  10:09  Zealot  
  106  10:18  Zealot x3  
Show
View Real Time Build Order
Export as new Build Order

TSGSolar Zerg - Winner!

Build Orders: Hatch First 

Get SALT Encoding   

  12  0:01  Drone  
  13  0:12  Overlord  
  13  0:17  Drone  
  14  0:31  Drone  
  15  0:43  Drone  
  16  0:50  Hatchery  
  16  0:51  Drone  
  16  0:55  Drone  
  17  0:59  Drone  
  18  1:17  Extractor  
  18  1:18  Drone  
  18  1:19  Spawning Pool  
  18  1:22  Drone  
  18  1:28  Drone  
  19  1:39  Drone  
  20  1:49  Hatchery  
  19  1:54  Drone  
  20  2:05  Queen  
  20  2:07  Drone  
  23  2:10  Drone  
  23  2:13  Drone  
  25  2:19  Metabolic Boost  
  25  2:24  Overlord  
  25  2:28  Zergling x2  
  26  2:35  Queen  
  28  2:42  Zergling x4  
  28  2:43  Zergling x2  
  31  2:49  Queen  
  33  2:53  Zergling x2  
  33  2:55  Drone  
  35  3:01  Spore Crawler  
  35  3:04  Queen  
  35  3:05  Drone  
  38  3:08  Drone  
  38  3:13  Drone  
  38  3:14  Drone  
  38  3:16  Drone  
  38  3:19  Drone  
  41  3:25  Spore Crawler  
  39  3:27  Drone  
  39  3:29  Drone  
  39  3:33  Drone  
  41  3:39  Overlord  
  41  3:43  Drone  
  41  3:48  Overlord  
  41  3:50  Overlord  
  41  3:54  Overlord  
  41  3:59  Drone  
  41  4:00  Drone x3  
  41  4:02  Drone x3  
  48  4:06  Drone  
  48  4:09  Spore Crawler  
  48  4:11  Queen  
  48  4:15  Drone  
  48  4:17  Drone x2  
  52  4:19  Drone  
  52  4:20  Drone  
  52  4:23  Drone  
  56  4:25  Drone x2  
  56  4:28  Drone x2  
  56  4:30  Drone  
  61  4:32  Overlord  
  61  4:34  Drone  
  61  4:37  Drone x2  
  61  4:38  Drone  
  64  4:39  Drone  
  64  4:42  Drone x2  
  64  4:43  Drone  
  68  4:46  Overlord  
  68  4:49  Lair  
  68  4:52  Zergling x4  
  69  4:53  Zergling x2  
  69  4:59  Extractor  
  69  5:00  Extractor  
  69  5:01  Roach Warren  
  69  5:02  Extractor x2  
  69  5:05  Drone x5  
  67  5:11  Drone x2  
  67  5:12  Drone x2  
  69  5:14  Drone  
  69  5:16  Drone  
  71  5:21  Zergling x10  
  76  5:29  Drone  
  76  5:30  Drone x4  
  76  5:32  Extractor  
  76  5:35  Spore Crawler  
  79  5:40  Zergling x4  
  79  5:42  Drone  
  82  5:48  Spire  
  82  5:49  Overseer  
  81  5:52  Glial Reconstitution, Drone  
  81  5:53  Overlord  
  81  5:54  Overlord  
  81  5:56  Overlord  
  82  5:57  Overlord  
  82  5:58  Overlord  
  82  5:59  Overlord  
  82  6:01  Overlord  
  79  6:06  Zergling x6  
  79  6:08  Overlord  
  79  6:09  Overlord  
  78  6:17  Drone x2  
  80  6:19  Roach x2  
  80  6:21  Roach  
  80  6:23  Roach  
  80  6:24  Roach  
  80  6:25  Hatchery  
  89  6:28  Roach  
  89  6:31  Zergling x4  
  91  6:41  Zergling x6  
  91  6:46  Zergling x6  
  96  6:57  Drone x3  
  96  6:59  Mutalisk x4  
  106  7:03  Mutalisk x2  
  106  7:08  Mutalisk  
  108  7:13  Overlord, Mutalisk  
  108  7:14  Zerg Flyer Weapons Level 1  
  112  7:18  Drone, Mutalisk x3  
  112  7:22  Drone, Evolution Chamber  
  119  7:26  Extractor  
  119  7:27  Mutalisk x2  
  119  7:28  Extractor  
  121  7:34  Drone x5  
  121  7:35  Drone, Overlord  
  121  7:37  Overlord  
  127  7:45  Mutalisk x3  
  127  7:49  Zergling x8  
  136  7:53  Mutalisk  
  138  8:00  Mutalisk  
  138  8:02  Zergling x10  
  138  8:06  Mutalisk  
  138  8:10  Mutalisk  
  138  8:12  Zergling x4  
  133  8:15  Drone x3  
  133  8:16  Mutalisk  
  133  8:20  Zergling x12  
  133  8:28  Mutalisk x3  
  133  8:30  Zergling x6  
  133  8:34  Drone  
  139  8:36  Mutalisk x2  
  139  8:38  Overlord  
  141  8:41  Drone  
  141  8:48  Mutalisk x2  
  138  8:49  Zergling x10  
  138  8:51  Mutalisk  
  138  8:54  Zergling x4  
  138  8:55  Zergling x2  
  148  8:57  Zergling x4  
  148  9:00  Hatchery, Zergling x6  
  148  9:01  Zergling x2  
  150  9:08  Mutalisk  
  150  9:09  Mutalisk x3  
  156  9:12  Zergling x6  
  159  9:18  Mutalisk x2  
  159  9:20  Drone x2  
  159  9:21  Drone  
  159  9:23  Overlord  
  165  9:33  Zergling x12  
  165  9:36  Zergling x6  
  165  9:37  Zergling x2  
  159  9:39  Mutalisk  
  159  9:43  Spore Crawler  
  145  9:46  Mutalisk x3  
  145  9:49  Zergling x6  
  151  9:55  Drone x4  
  151  9:57  Drone x2  
  157  10:02  Overlord  
  158  10:07  Drone x2  
Tags
 
Add a new tag
Caveats
  • Supply blocks, unpowered buildings, or Contaminate may cause inaccurate times.
  • Supply counts are checked every 10 seconds.